 Dungeon Crawl Stone Soup version 0.18.1-50-g88ac8fd (console) character file.

88794 Kloppie the Impaler (level 15, -9/127 HPs)
             Began as a Merfolk Berserker on Oct 3, 2016.
             Was the Champion of Trog.
             Killed by divine providence
             ... invoked by an orc priest
              (12 damage)
             ... on level 2 of the Orcish Mines.
             The game lasted 00:43:07 (20540 turns).

Kloppie the Impaler (Merfolk Berserker)            Turns: 20540, Time: 00:43:07

Health: -9/127     AC: 20    Str: 21    XL:     15   Next: 95%
Magic:  15/15      EV: 25    Int:  3    God:    Trog [******]
Gold:   1972       SH:  0    Dex: 20    Spells: 0 memorised, 14 levels left

rFire  + . .     SeeInvis .     b - +10 glaive {chop, rF+ rC+ Str+4 Int-4}
rCold  + + +     Gourm    .     U - +3 scale mail {rPois}
rNeg   . . .     Faith    .     (shield currently unavailable)
rPois  +         Spirit   .     H - +0 helmet {rC+}
rElec  .         Dismiss  .     J - +1 cloak {rC+}
rCorr  .         Reflect  .     w - +2 pair of gloves
SustAt .         Harm     .     x - +0 pair of boots
MR     ++++.                    (no amulet)
Stlth  +.........               l - ring of protection from magic
                                F - +2 ring of slaying

@: regenerating, incredibly resistant to hostile enchantments, very unstealthy
A: change form in water, swift swim
a: Berserk, Trog's Hand, Brothers in Arms, Burn Spellbooks, Renounce Religion


You were on level 2 of the Orcish Mines.
You worshipped Trog.
Trog was exalted by your worship.
You were hungry.

You visited 3 branches of the dungeon, and saw 21 of its levels.
You visited the Abyss 1 time.
You also visited: Labyrinth and Ice Cave.

You collected 1972 gold pieces.

Inventory:

Hand Weapons
 a - a +1 trident
 b - the +10 glaive of the Poles (weapon) {chop, rF+ rC+ Str+4 Int-4}
   (You acquired it on level 3 of the Lair of Beasts)

   It inflicts extra damage upon your enemies.
   It affects your strength (+4).
   It affects your intelligence (-4).
   It protects you from fire.
   It protects you from cold.
Armour
 w - a +2 pair of gloves (worn)
 x - a +0 pair of boots (worn)
 H - a +0 helmet of cold resistance (worn)
 J - a +1 cloak of cold resistance (worn)
 U - a +3 scale mail of poison resistance (worn)
Jewellery
 j - an uncursed ring of flight
 k - an uncursed ring of stealth
 l - a ring of protection from magic (right hand)
 F - a +2 ring of slaying (left hand)
Wands
 I - a wand of digging (11/24)
Scrolls
 h - 4 scrolls of teleportation
 m - 3 scrolls of enchant armour
 o - 2 scrolls of enchant weapon
 p - a scroll of fear
 y - a scroll of holy word
 A - a scroll of fog
 E - 2 scrolls of identify
 G - 12 scrolls of remove curse
 O - a scroll of recharging
 T - 3 scrolls of magic mapping
Potions
 d - 4 potions of haste
 e - 6 potions of agility
 g - 12 potions of curing
 i - 3 potions of heal wounds
 t - 3 potions of flight
 B - 2 potions of invisibility
 C - a potion of brilliance
 K - a potion of might
Miscellaneous
 V - a fan of gales
Comestibles
 c - 8 bread rations
 f - 11 royal jellies
 n - 5 chunks of flesh
 q - 3 beef jerkies
 u - 16 fruits
 v - 7 meat rations
 z - 3 slices of pizza


   Skills:
 + Level 14.5 Fighting
 - Level 20.1 Polearms
 - Level 9.5 Armour
 - Level 18.8 Dodging


You had 14 spell levels left.
You didn't know any spells.

Dungeon Overview and Level Annotations

Branches:
Dungeon (11/15)            Temple (0/1) D:7            Lair (8/8) D:10
  Swamp (0/4) Lair:6       Spider (0/4) Lair:5        Slime (0/6) Lair:7
    Orc (2/2) D:11
    Elf: Orc:2

Altars:
Ashenzari
Cheibriados
Dithmenos
Elyvilon
Fedhas
Gozag
Kikubaaqudgha
Nemelex Xobeh
Okawaru
Pakellas
Sif Muna
Xom
Yredelemnul
Zin
The Shining One
Beogh
Jiyva

Annotations:
Lair:7 1 runed door


Message History

Beogh smites you!
* * * LOW HITPOINT WARNING * * *
The orc hits your deep troll but does no damage.
You feel the effects of Trog's Hand fading.
Your deep troll bites the orc!
The orc dies!
Trog accepts your kill.
The orc priest looks braver for a moment.
Your deep troll bites the orc priest!!
The orc priest dies!
Trog accepts your kill.
The orc priest invokes the aid of Beogh against you.
Beogh smites you!
* * * LOW HITPOINT WARNING * * *
Your deep troll bites the orc priest!!!
The orc priest dies!
Trog accepts your kill.
The orc priest invokes the aid of Beogh against you.
Beogh smites you!
You die...

.#...........#...###
...................##
...........#........#
.....#........##
......#.#<#...#
.....###.....## ....
#.....### ..
##...##.## #..@#...##
##..o.o..#
##.#...).o#
#.....)T)#o#
.......ooooooo..
##......o.ooo.o..
####......o.o..o
#.......#o#.#
##......#....


You could see 5 orc warriors, 10 orc priests, 2 orcs and a friendly deep troll
(berserk).

Vanquished Creatures
  An Executioner (Abyss:2)
  Gastronok (Lair:2)
  2 orc warlords (Orc:1)
  The ghost of Naarciss the Scorcher, a journeyman DEFE of Vehumet (Lair:4)
  A minotaur (Lab)
  A great orb of eyes (Abyss:2)
  2 hydras
  Harold (Lair:1)
  Erolcha (D:11)
  The ghost of sonic the Fighter, a journeyman GrCK of Xom (Lair:1)
  Erica (D:9)
  14 death yaks
  The ghost of Rexou the Slicer, a journeyman HESk of Okawaru (IceCv)
  A queen ant (Lair:8)
  An orc high priest (Orc:1)
  A wretched star (Abyss:2)
  The ghost of Tasticka the Covert, a novice SpAs of Nemelex Xobeh (D:11)
  An unseen horror (D:11)
  3 starcursed masses (Abyss:2)
  3 orc knights
  A necromancer (IceCv)
  Pikel (D:4)
  4 orc sorcerers
  2 griffons (Lair:6)
  An oklob plant (Lair:7)
  7 black mambas
  An ice statue (IceCv)
  2 torpor snails
  25 spiny frogs
  3 komodo dragons
  3 rime drakes
  A kobold demonologist (D:11)
  10 freezing wraiths (IceCv)
  2 ancient zymes (Abyss:2)
  3 trolls
  4 polar bears
  7 two-headed ogres
  23 blink frogs
  5 giant leeches (Lair:8)
  A raiju (Abyss:2)
  A wyvern (Lair:8)
  69 yaks
  4 redbacks (Lair:5)
  A wraith (D:11)
  A ynoxinul (Abyss:2)
  A basilisk (Lair:1)
  8 hippogriffs
  A hungry ghost (D:8)
  A death yak simulacrum (IceCv)
  A mottled dragon (D:11)
  4 vampire mosquitoes (Lair:8)
  8 soldier ants (Lair:8)
  16 water moccasins
  3 hell hounds (Abyss:2)
  A small abomination (Abyss:2)
  10 porcupines
  27 orc warriors
  4 slaves (D:4)
  4 sky beasts
  2 black bears
  16 ice beasts
  22 ogres
  22 wolves
  5 centaurs
  12 crocodiles
  3 big kobolds (D:11)
  A gnoll sergeant (D:11)
  39 giant frogs
  A swamp dragon simulacrum (IceCv)
  8 killer bees
  9 wights (D:8)
  13 electric eels
  6 crimson imps
  A centaur zombie (D:11)
  2 giant frog zombies
  6 jellies
  2 quasits
  8 hounds
  11 orc priests
  6 iguanas
  16 orc wizards
  A polar bear simulacrum (IceCv)
  29 worker ants
  5 troll simulacra (IceCv)
  A spriggan simulacrum (IceCv)
  49 sheep
  A wolf simulacrum (IceCv)
  A giant frog simulacrum (D:9)
  An ogre zombie (D:11)
  4 centaur simulacra (IceCv)
  A hound zombie (D:6)
  2 hound skeletons (D:8)
  2 worker ant zombies
  A howler monkey zombie (D:5)
  10 gnolls
  9 adders
  4 naga simulacra (IceCv)
  6 ogre simulacra (IceCv)
  66 river rats
  4 shadow imps
  18 white imps
  A howler monkey simulacrum (D:9)
  3 ufetubi (D:9)
  6 oozes
  2 adder skeletons
  A worm (D:3)
  2 dart slugs
  5 giant geckos
  54 orcs
  6 bats
  7 giant cockroaches
  7 goblins
  14 hobgoblins
  17 jackals
  4 quokkas
  A ball python (D:5)
  A giant cockroach zombie (D:6)
  5 giant newts
  A jackal skeleton (D:4)
  8 kobolds
  7 rats
  A fungus (Lair:3)
  2 plants
891 creatures vanquished.

Vanquished Creatures (collateral kills)
  2 orc priests (Orc:2)
  2 orcs (Orc:2)
4 creatures vanquished.

Vanquished Creatures (others)
  A death yak (Lair:7)
  A river rat (Lair:8)
  5 fungi
  21 plants
28 creatures vanquished.

Grand Total: 923 creatures vanquished

Notes
Turn   | Place    | Note
--------------------------------------------------------------
     0 | D:1      | Kloppie the Merfolk Berserker began the quest for the Orb.
     0 | D:1      | Reached XP level 1. HP: 18/18 MP: 1/1
    95 | D:1      | Reached XP level 2. HP: 21/24 MP: 2/2
   191 | D:1      | Reached skill level 5 in Polearms
   566 | D:1      | Reached XP level 3. HP: 30/30 MP: 3/3
   597 | D:2      | Reached ** piety under Trog
   925 | D:2      | Reached XP level 4. HP: 32/37 MP: 4/4
   966 | D:2      | Found an iron altar of Okawaru.
  1098 | D:2      | Reached skill level 6 in Polearms
  1366 | D:2      | Found a deep blue altar of Sif Muna.
  1451 | D:2      | Found a sparkling altar of Nemelex Xobeh.
  1645 | D:3      | Reached XP level 5. HP: 43/43 MP: 5/5
  1822 | D:3      | Reached *** piety under Trog
  1847 | D:3      | Reached skill level 5 in Fighting
  1847 | D:3      | Reached skill level 7 in Polearms
  2514 | D:3      | Reached XP level 6. HP: 12/51 MP: 6/6
  2920 | D:4      | Noticed a slave
  2920 | D:4      | Noticed a slave
  2920 | D:4      | Noticed a slave
  2922 | D:4      | Noticed Pikel
  2922 | D:4      | Noticed a slave
  2951 | D:4      | Killed a slave
  2999 | D:4      | Killed a slave
  3016 | D:4      | Killed a slave
  3033 | D:4      | Killed a slave
  3211 | D:4      | Reached skill level 8 in Polearms
  3259 | D:4      | Killed Pikel
  3259 | D:4      | Reached skill level 9 in Polearms
  3259 | D:4      | Reached XP level 7. HP: 52/60 MP: 7/7
  3391 | D:4      | Found a shadowy altar of Dithmenos.
  3521 | D:4      | Reached XP level 8. HP: 47/67 MP: 8/8
  3585 | D:4      | Reached skill level 10 in Polearms
  3739 | D:4      | Found a blossoming altar of Fedhas.
  3864 | D:5      | Entered Level 5 of the Dungeon
  4068 | D:5      | Found a sparkling altar of Nemelex Xobeh.
  4079 | D:5      | Found a shadowy altar of Dithmenos.
  4125 | D:5      | Reached skill level 5 in Dodging
  4272 | D:5      | Reached skill level 11 in Polearms
  4681 | D:5      | Reached **** piety under Trog
  4755 | D:5      | Reached XP level 9. HP: 58/72 MP: 9/9
  4792 | D:5      | Reached skill level 12 in Polearms
  5234 | D:6      | Found an oddly glowing altar of Pakellas.
  5860 | D:6      | Reached skill level 13 in Polearms
  6138 | D:7      | Found a blossoming altar of Fedhas.
  6485 | D:7      | Found a shimmering altar of Xom.
  6486 | D:7      | Found a snail-covered altar of Cheibriados.
  6746 | D:7      | Found a staircase to the Ecumenical Temple.
  6806 | D:8      | Noticed a two-headed ogre
  6816 | D:8      | Killed a two-headed ogre
  6816 | D:8      | Reached skill level 10 in Dodging
  6881 | D:8      | Reached XP level 10. HP: 74/79 MP: 10/10
  6917 | D:8      | Found a glowing golden altar of the Shining One.
  6932 | D:8      | Reached skill level 14 in Polearms
  7124 | D:8      | Found a basalt altar of Yredelemnul.
  7169 | D:8      | Noticed a profane servitor
  7286 | D:8      | Noticed an angel
  7330 | D:8      | Reached ***** piety under Trog
  7447 | D:9      | Found a shattered altar of Ashenzari.
  7796 | D:9      | Found a white marble altar of Elyvilon.
  7827 | D:9      | Received a gift from Trog
  7828 | D:9      | Got a transparent glaive {god gift}
  7829 | D:9      | Identified the +1 glaive of Malaise {speed, rC+} (Trog gifted it to you on level 9 of the Dungeon)
  7851 | D:9      | Reached skill level 15 in Polearms
  7884 | D:9      | Noticed Erica
  7916 | D:9      | Killed Erica
  8180 | D:9      | Found an ancient bone altar of Kikubaaqudgha.
  8244 | D:9      | Found a glowing silver altar of Zin.
  8331 | D:10     | Entered Level 10 of the Dungeon
  8780 | D:10     | Reached skill level 16 in Polearms
  8780 | D:10     | Reached XP level 11. HP: 87/87 MP: 11/11
  8943 | D:10     | Found a staircase to the Lair.
  9501 | D:11     | Reached skill level 10 in Fighting
  9524 | D:11     | Noticed Tasticka's ghost (novice SpAs)
  9552 | D:11     | Killed Tasticka's ghost
  9552 | D:11     | Reached skill level 17 in Polearms
 10398 | D:11     | Received a gift from Trog
 10399 | D:11     | Got a crystal glaive {god gift}
 10446 | D:11     | Found a staircase to the Orcish Mines.
 10609 | D:11     | Noticed Erolcha
 10625 | D:11     | Reached XP level 12. HP: 100/100 MP: 12/12
 10633 | D:11     | Reached skill level 18 in Polearms
 10644 | D:11     | Killed Erolcha
 10663 | D:11     | Got a scintillating diamond amulet
 10759 | D:11     | Found a glowing golden altar of the Shining One.
 10820 | D:11     | Identified the amulet "Bulayxki" {Dismiss *Drain Str+6 Int+2} (You took it off Erolcha on level 11 of the Dungeon)
 10901 | Lair:1   | Entered Level 1 of the Lair of Beasts
 10911 | Lair:1   | Identified the +9 glaive of Intimidation {venom, Int+3 SInv} (Trog gifted it to you on level 11 of the Dungeon)
 11240 | Lair:1   | Noticed Harold
 11242 | Lair:1   | Noticed sonic's ghost (journeyman GrCK)
 11247 | Lair:1   | Reached skill level 19 in Polearms
 11281 | Lair:1   | Killed sonic's ghost
 11290 | Lair:1   | Killed Harold
 11463 | Lair:1   | Identified a scroll of acquirement
 11643 | Lair:2   | Received a gift from Trog
 11732 | Lair:2   | Noticed Gastronok
 11744 | Lair:2   | Killed Gastronok
 11744 | Lair:2   | Reached XP level 13. HP: 64/112 MP: 13/13
 11935 | Lair:2   | Reached skill level 20 in Polearms
 12333 | Lair:3   | Found a labyrinth entrance.
 12350 | Lab      | Entered a labyrinth
 12474 | Lab      | Noticed a minotaur
 12484 | Lab      | Killed a minotaur
 12486 | Lab      | Got a transparent lead ring
 12499 | Lab      | Identified the Papyrus of Helpful Transmigration
 12596 | Lair:2   | Identified the ring of Uriesuh {+Inv MR- Str+3 Dex+8 Stlth+} (You took it off a minotaur in a labyrinth)
 12693 | Lair:3   | Found an oddly glowing altar of Pakellas.
 12796 | Lair:3   | Received a gift from Trog
 12843 | Lair:3   | Reached skill level 5 in Armour
 13235 | Lair:3   | Got an ichor-stained glaive
 13236 | Lair:3   | Identified the +10 glaive of the Poles {chop, rF+ rC+ Str+4 Int-4} (You acquired it on level 3 of the Lair of Beasts)
 13855 | Lair:4   | Found a frozen archway.
 13886 | IceCv    | Entered an ice cave
 13983 | IceCv    | Noticed Rexou's ghost (journeyman HESk)
 13997 | IceCv    | Killed Rexou's ghost
 14043 | IceCv    | Identified a +3 rod of ignition (13/13) (You found it on level 3 of the Lair of Beasts)
 14059 | IceCv    | Found an ancient bone altar of Kikubaaqudgha.
 14084 | IceCv    | Reached XP level 14. HP: 63/119 MP: 14/14
 14395 | Lair:4   | Noticed Naarciss's ghost (journeyman DEFE)
 14406 | Lair:4   | Killed Naarciss's ghost
 14516 | Lair:4   | Received a gift from Trog
 15328 | Lair:5   | Found a hole to the Spider Nest.
 15492 | Lair:5   | Reached ****** piety under Trog
 15935 | Lair:6   | Received a gift from Trog
 16281 | Lair:6   | Found a staircase to the Swamp.
 16610 | Lair:7   | Found a runed door.
 16610 | Lair:7   | Found a viscous altar of Jiyva.
 16611 | Lair:7   | Found a staircase to the Slime Pits.
 16659 | Lair:7   | Found an opulent altar of Gozag.
 17761 | Lair:7   | Cast into level 2 of the Abyss (a distortion unwield)
 17887 | Abyss:2  | Found a corrupted altar of Lugonu.
 17888 | Abyss:2  | Found a corrupted altar of Lugonu.
 17905 | Abyss:2  | Found a corrupted altar of Lugonu.
 17967 | Abyss:2  | Noticed a starcursed mass
 18017 | Abyss:2  | Got an ominously black robe
 18030 | Abyss:2  | Noticed an Executioner
 18049 | Abyss:2  | Noticed an Executioner
 18054 | Abyss:2  | Killed an Executioner
 18054 | Abyss:2  | Reached skill level 15 in Dodging
 18075 | Lair:7   | Escaped the Abyss
 18115 | Lair:7   | Reached XP level 15. HP: 113/125 MP: 15/15
 18275 | Lair:8   | Entered Level 8 of the Lair of Beasts
 18356 | Lair:8   | Received a gift from Trog
 18390 | Lair:8   | Identified the cursed +1 robe of Dizxip {Str+2 Int+3} (You found it on level 2 of the Abyss)
 19307 | Lair:8   | Received a gift from Trog
 19327 | Lair:8   | Received a gift from Trog
 19709 | Orc:1    | Entered Level 1 of the Orcish Mines
 19770 | Orc:1    | Noticed an orc warlord
 19790 | Orc:1    | Killed an orc warlord
 19884 | Orc:1    | Noticed an orc warlord
 19896 | Orc:1    | Killed an orc warlord
 19903 | Orc:1    | Received a gift from Trog
 20008 | Orc:1    | Found a roughly hewn altar of Beogh.
 20249 | Orc:2    | Entered Level 2 of the Orcish Mines
 20540 | Orc:2    | HP: 3/127 [orc priest/divine providence (10)]
 20540 | Orc:2    | Killed from afar by an orc priest

Skill      XL: |  1  2  3  4  5  6  7  8  9 10 11 12 13 14 15 |
---------------+----------------------------------------------+-----
Polearms       | 5 6 7 9 11 13 16 17 19 20 | 20.1
Fighting       | 4 5 7 8 11 13 14 | 14.5
Dodging        | 6 10 11 15 18 | 18.8
Armour         | 7 9 |  9.5

Action                   |  1- 3 |  4- 6 |  7- 9 | 10-12 | 13-15 || total
-------------------------+-------+-------+-------+-------+-------++-------
Melee: Spear             |   156 |   333 |   203 |       |       ||   692
       Trident           |       |       |   336 |   235 |    14 ||   585
       Glaive            |       |       |       |   622 |  1283 ||  1905
       Tailslap          |       |       |       |     1 |     8 ||     9
Invok: Berserk           |     1 |     3 |     3 |     4 |     6 ||    17
       Trog's Hand       |       |     4 |     2 |     7 |    10 ||    23
       Brothers in Arms  |       |       |       |       |     1 ||     1
  Use: Scroll            |       |     1 |    17 |     8 |    12 ||    38
       Potion            |       |       |       |       |     1 ||     1
 Stab: Sleeping          |       |     1 |     4 |       |       ||     5
       Distracted        |       |       |       |     1 |     1 ||     2
  Eat: Chunk             |     1 |    11 |    16 |    25 |    25 ||    78
       Royal jelly       |       |       |       |       |     1 ||     1
       Meat ration       |       |       |       |       |     2 ||     2
Armor: Ring mail         |    45 |    87 |    42 |       |       ||   174
       Scale mail        |       |       |    78 |   151 |   276 ||   505
Dodge: Dodged            |    71 |   156 |   274 |   445 |   789 ||  1735
